 Dungeon Crawl Stone Soup version 0.21-a0-143-g1ab7d47 (webtiles) character file.

842 drasked the Skirmisher (level 8, -2/73 HPs)
             Began as a Hill Orc Monk on July 25, 2017.
             Slain by an ogre
             ... wielding a cursed +0 giant club
              (21 damage)
             ... on level 3 of the Dungeon.
             The game lasted 00:25:29 (5906 turns).

drasked the Skirmisher (Hill Orc Monk)              Turns: 5906, Time: 00:25:30

Health: -2/73      AC:  5    Str: 16    XL:     8   Next: 0%
Magic:  8/8        EV: 11    Int: 10    God:
Gold:   207        SH:  3    Dex: 13    Spells: 7/7 levels left

rFire    . . .     SeeInvis .   a - +1 mace
rCold    . . .     Gourm    .   b - +0 buckler
rNeg     . . .     Faith    +   i - +0 leather armour (curse)
rPois    .         Spirit   .   (no helmet)
rElec    .         Reflect  .   (no cloak)
rCorr    .         Harm     .   l - +1 pair of gloves
MR       .....                  (no boots)
Stlth    ++........             o - amulet of faith {Faith, !P}
HPRegen  0.22/turn              (no ring)
MPRegen  0.11/turn              (no ring)

@: no status effects
A: no striking features
a: no special abilities


You were on level 3 of the Dungeon.
You were hungry.

You visited 1 branch of the dungeon, and saw 4 of its levels.

You collected 207 gold pieces.

Inventory:

Hand Weapons
 a - a +1 mace (weapon)
Armour
 b - a +0 buckler (worn)
   (You found it on level 4 of the Dungeon)
 i - a cursed +0 leather armour (worn)
   (You found it on level 1 of the Dungeon)
 l - a +1 pair of gloves (worn)
   (You found it on level 1 of the Dungeon)
 m - a cursed -2 robe
   (You found it on level 1 of the Dungeon)
Jewellery
 o - an amulet of faith (around neck) {Faith, !P}
   (You found it on level 1 of the Dungeon)
Scrolls
 f - a scroll of enchant armour
 g - a scroll of amnesia
 s - a scroll of magic mapping {!r}
Potions
 k - 2 potions of flight
 n - a potion of lignification {!q}
 u - a potion of curing {unknown}
Comestibles
 c - 4 bread rations {@e1}
 d - a chunk of flesh {@w0}
 h - 3 meat rations {@e2}
 j - 2 royal jellies


   Skills:
 + Level 7.5 Fighting
 + Level 6.9 Maces & Flails
 + Level 4.0 Armour
 - Level 2.4 Dodging
 - Level 1.5 Stealth
 + Level 0.0 Shields


You had 7 spell levels left.
You didn't know any spells.

Dungeon Overview and Level Annotations

Branches:
Dungeon (4/15)
 Temple: D:4-7

Altars:
Dithmenos
Elyvilon
Gozag
Hepliaklqana
Qazlal
Ru
Uskayaw

Annotations:
D:3 grindst0ne's ghost, amateur HOFE
D:4 1 runed door, Natasha; Sigmund


Message History

The hobgoblin hits you but does no damage.
You closely miss the hobgoblin. The hobgoblin closely misses you.
You sock the hobgoblin!
You kill the hobgoblin!
Things that are here:
a club; a hobgoblin corpse You butcher the hobgoblin corpse.
Things that are here:
a club; 4 chunks of flesh {@w0} Health restored: 66 An adder comes into view.
There is a stone staircase leading down here.
The adder hisses angrily.
There is an open door here.
The adder bites you.
You take 3 damage, and have 63/66 hp.
You sock the adder! The adder bites you but does no damage.
You hit the adder.
You kill the adder!
Your Armour skill increases to level 4!
You have reached level 8!
You regained 7 hp, and now have 70/73 hp.
MP restored: 8 You see here an adder corpse.
You butcher the adder corpse.
Things that are here:
a chunk of flesh {@w0}; an adder skeleton
There is an open door here.
Things that are here:
a chunk of flesh {@w0}; an adder skeleton Autopickup is now on.
d - a chunk of flesh {@w0}
There is an open door here.
There is a stone staircase leading down here.
You climb downwards.
Level annotation: 1 runed door, Natasha; Sigmund
There is a stone staircase leading up here.
Health restored: 73
Things that are here:
a robe; a dagger
There is a stone staircase leading up here.
What are your orders? t - Shout!
Orders for allies: a - Attack new target. r - Retreat! s - Stop attacking. g - Guard the area. f - Follow me.
Anything else - Cancel.
You shout for attention!
You hear a shout!
What are your orders? t - Shout!
Orders for allies: a - Attack new target. r - Retreat! s - Stop attacking. g - Guard the area. f - Follow me.
Anything else - Cancel.
You shout for attention!
What are your orders? t - Shout!
Orders for allies: a - Attack new target. r - Retreat! s - Stop attacking. g - Guard the area. f - Follow me.
Anything else - Cancel.
You shout for attention!
Sigmund shouts!
What are your orders? t - Shout!
Orders for allies: a - Attack new target. r - Retreat! s - Stop attacking. g - Guard the area. f - Follow me.
Anything else - Cancel.
You shout for attention!
Sigmund casts a spell at you. The puff of flame hits you!
There is a stone staircase leading up here.
You take 5 damage, and have 68/73 hp.
Sigmund points at you and mumbles some strange words.
You resist with some effort.
You climb upwards.
Level annotation: grindst0ne's ghost, amateur HOFE
There is a stone staircase leading down here.
You see here a club.
An ogre comes into view. It is wielding a giant club.
You see here a club.
Health restored: 73 You hit the ogre but do no damage.
You block the ogre's attack.
You hit the ogre but do no damage. The ogre closely misses you.
You hit the ogre. You hit the ogre but do no damage.
The ogre hits you with a giant club!!
You take 25 damage, and have 48/73 hp.
MASSIVE DAMAGE!!
You hit the ogre. The ogre barely misses you.
You hit the ogre. The ogre hits you with a giant club!
You take 11 damage, and have 38/73 hp.
You completely miss the ogre. The ogre hits you with a giant club!!
* * * LOW HITPOINT WARNING * * *
You take 21 damage, and have 17/73 hp.
MASSIVE DAMAGE!!
You are feeling hungry.
There is a stone staircase leading up here.
The ogre hits you with a giant club!!
You die...

..# #########.##.##.....####.# ##
..# #.##.###....#....# #. ..#
######.##.#......#.##.###. ..#
#.........#.##............ .##
####.####.##.#.#......#...###
.####.)..# #....#.#..#..##......
....#'##### #.##.#.#..#........##
###.......###.##O#.#.#.........##
#.......##....@#.#.<#.##......#
###.......###.####.#.....#.####.#
......#####.....##.##.......#....
.....## #.8...8.#.#####....#.##.
.....# ###.......#.# #.....#...(
.....# #....._.....# #.....#....
(....# #.#.......### #....###...
.....# #.#.8...8.#### #..........
###### #.##.....##..# #.....#...(


You could see an ogre.

Vanquished Creatures
  Duvessa (D:4)
  2 ogres (D:4)
  A phantom (D:4)
  A centaur (D:3)
  Dowan (D:4)
  3 hounds (D:4)
  A bullfrog skeleton (D:3)
  Jessica (D:2)
  An orc wizard (D:2)
  9 adders
  An adder skeleton (D:4)
  A worm (D:2)
  6 leopard geckos
  5 orcs (D:3)
  A ball python (D:4)
  9 giant cockroaches
  7 goblins
  11 hobgoblins
  A jackal (D:2)
  7 kobolds
  4 quokkas
  9 bats
  10 frilled lizards
  8 rats
101 creatures vanquished.

Notes
Turn   | Place    | Note
-------+----------+-------------------------------------------
     0 | D:1      | drasked the Hill Orc Monk began the quest for the Orb.
     0 | D:1      | Reached XP level 1. HP: 19/19 MP: 1/1
   356 | D:1      | Reached XP level 2. HP: 23/27 MP: 2/2
   368 | D:1      | Reached skill level 4 in Fighting
  1032 | D:2      | Found a sacrificial altar of Ru.
  1037 | D:2      | Reached skill level 4 in Maces & Flails
  1037 | D:2      | Reached XP level 3. HP: 28/34 MP: 3/3
  1053 | D:2      | Noticed Jessica
  1105 | D:2      | Reached XP level 4. HP: 41/41 MP: 4/4
  1384 | D:2      | Found a white marble altar of Elyvilon.
  1397 | D:2      | Found an opulent altar of Gozag.
  1491 | D:2      | Found a hide-covered altar of Uskayaw.
  1507 | D:2      | Found a shadowy altar of Dithmenos.
  2221 | D:2      | Killed Jessica
  2221 | D:2      | Reached skill level 5 in Fighting
  2288 | D:3      | Reached XP level 5. HP: 45/48 MP: 5/5
  2292 | D:3      | Found a hazy altar of Hepliaklqana.
  2390 | D:3      | Found a stormy altar of Qazlal.
  2422 | D:3      | Reached skill level 5 in Maces & Flails
  2512 | D:3      | HP: 12/48 [quokka (5)]
  2518 | D:2      | HP: 12/48 [quokka (1)]
  2774 | D:3      | Noticed grindst0ne's ghost (amateur HOFE)
  3030 | D:3      | Found an opulent altar of Gozag.
  3460 | D:4      | Noticed Duvessa
  3737 | D:4      | Reached skill level 6 in Fighting
  3737 | D:4      | Reached XP level 6. HP: 50/57 MP: 6/6
  3923 | D:4      | Noticed Natasha
  4109 | D:4      | HP: 10/57 [ogre/giant club (20)]
  4492 | D:3      | Reached skill level 1 in Armour
  4573 | D:4      | Noticed a phantom
  4578 | D:3      | Reached skill level 6 in Maces & Flails
  4817 | D:4      | Killed a phantom
  4817 | D:4      | Reached skill level 2 in Armour
  4817 | D:4      | Reached XP level 7. HP: 28/64 MP: 7/7
  5160 | D:4      | Reached skill level 7 in Fighting
  5160 | D:4      | Reached skill level 3 in Armour
  5359 | D:4      | Found a runed door.
  5396 | D:4      | HP: 4/66 [ogre/giant club (19)]
  5463 | D:4      | Noticed Sigmund
  5463 | D:4      | Noticed Dowan
  5463 | D:4      | Ladykiller69: rip
  5463 | D:4      | drasked: rofl
  5463 | D:4      | Ladykiller69: you could try just to RUN
  5495 | D:4      | Killed Duvessa
  5500 | D:4      | Killed Dowan
  5502 | D:4      | drasked: this lag is making me reckless
  5787 | D:3      | Reached skill level 4 in Armour
  5787 | D:3      | Reached XP level 8. HP: 70/73 MP: 8/8
  5896 | D:3      | HP: 17/73 [ogre/giant club (21)]
  5906 | D:3      | Slain by an ogre

Vault maps used:
D:1:      dpeg_cavernosity, serial_park_tiny_1, grunt_decor_mini_mirrors
D:2:      nicolae_overflow_quartered_altars, serial_co_window_serial,
          co_window_paths_a, co_window_of_opportunity_a, co_window_paths_b,
          co_window_of_opportunity_a, co_window_of_opportunity_a,
          co_window_of_opportunity_a, co_window_corner_b, co_window_cross_3,
          co_window_2corner, co_window_sun, co_window_paths_d,
          nicolae_ru_great_annihilating_truth, uniq_jessica
D:3:      old_standard_altar, overflow_temple_1_default, grunt_gozag_statues
D:4:      kennysheep_big_flooded_room, first_bread, uniq_sigmund, uniq_natasha,
          uniq_duvessa, uniq_crazy_yiuf_cottage

Skill      XL: |  1  2  3  4  5  6  7 |
---------------+----------------------+-----
Fighting       | 4 5 6 7 |  7.5
Maces & Flails | 4 5 6 |  6.9
Armour         | 2 4 |  4.0
Dodging        | |  2.4
Stealth        | |  1.5

Action                   |  1- 3 |  4- 6 |  7- 9 || total
-------------------------+-------+-------+-------++-------
Melee: Mace              |    66 |   272 |    79 ||   417
  Use: Scroll            |       |    11 |     2 ||    13
       Potion            |       |       |     3 ||     3
 Stab: Sleeping          |     1 |     7 |       ||     8
       Paralysed         |     1 |       |       ||     1
       Invisible         |       |       |     4 ||     4
  Eat: Chunk             |     1 |     9 |     2 ||    12
       Royal jelly       |       |     1 |       ||     1
       Fruit             |       |       |     2 ||     2
Armor: Leather armour    |    20 |    81 |    13 ||   114
       Robe              |     1 |       |       ||     1
Dodge: Dodged            |    58 |   191 |    35 ||   284
Block: Buckler           |       |       |     2 ||     2

Vault maps used:
D:1:      dpeg_cavernosity, serial_park_tiny_1, grunt_decor_mini_mirrors
D:2:      nicolae_overflow_quartered_altars, serial_co_window_serial,
          co_window_paths_a, co_window_of_opportunity_a, co_window_paths_b,
          co_window_of_opportunity_a, co_window_of_opportunity_a,
          co_window_of_opportunity_a, co_window_corner_b, co_window_cross_3,
          co_window_2corner, co_window_sun, co_window_paths_d,
          nicolae_ru_great_annihilating_truth, uniq_jessica
D:3:      old_standard_altar, overflow_temple_1_default, grunt_gozag_statues
D:4:      kennysheep_big_flooded_room, first_bread, uniq_sigmund, uniq_natasha,
          uniq_duvessa, uniq_crazy_yiuf_cottage

Table legend:
 A = Turns spent in this place as a percentage of turns spent in the entire game.
 B = Non-inter-level travel turns spent in this place as a percentage of non-inter-level travel turns spent in the entire game.
 C = Inter-level travel turns spent in this place as a percentage of turns spent in this place.
 D = Turns resting spent in this place as a percentage of non-inter-level travel turns spent in this place.
 E = Turns spent auto-exploring this place as a percentage of non-inter-level travel turns spent in this place.
 F = Non-inter-level travel turns spent in this place divided by the number of levels of this place that you've seen.
                   A       B       C       D       E      F
               +-------+-------+-------+-------+-------+----------------------
         Total | 100.0 | 100.0 |   0.5 |   1.9 |   5.8 | 566.0
       Dungeon | 100.0 | 100.0 |   0.5 |   1.9 |   5.8 | 566.0
               +-------+-------+-------+-------+-------+----------------------

Table legend:
 A = Kills in this place as a percentage of kills in entire the game.
 B = Kills by you in this place as a percentage of kills by you in the entire game.
 C = Kills by friends in this place as a percentage of kills by friends in the entire game.
 D = Other kills in this place as a percentage of other kills in the entire game.
 E = Experience gained in this place as a percentage of experience gained in the entire game.
 F = Experience gained in this place divided by the number of levels of this place that you have seen.
                   A       B       C       D       E      F
               +-------+-------+-------+-------+-------+----------------------
         Total | 100.0 | 100.0 |  -nan |  -nan | 100.0 | 300.8
       Dungeon | 100.0 | 100.0 |  -nan |  -nan | 100.0 | 300.8
               +-------+-------+-------+-------+-------+----------------------
